 Dungeon Crawl Stone Soup version 0.24-a0-415-g6d73c25c48 (webtiles) character file.

Game seed: 5641368412238753739

189 Eurus the Stinger (level 5, -11/45 HPs)
             Began as a Naga Venom Mage on June 7, 2019.
             Mangled by a sun demon (12 damage)
             ... on level 2 of the Abyss.
             The game lasted 00:11:00 (3689 turns).

Eurus the Stinger (Naga Venom Mage)                 Turns: 3689, Time: 00:11:01

Health: -11/45     AC:  3    Str: 10    XL:     5   Next: 68%
Magic:  10/10      EV: 10    Int: 16    God:
Gold:   200        SH:  0    Dex: 12    Spells: 9/10 levels left

rFire    . . .     SeeInvis +   q - +1 hand axe
rCold    . . .     Gourm    .   (no shield)
rNeg     . . .     Faith    .   a - +1 robe
rPois    +         Spirit   .   (no helmet)
rElec    .         Reflect  .   (no cloak)
rCorr    .         Harm     .   (no gloves)
MR       .....                  (no barding)
Stlth    +++.......             (no amulet)
HPRegen  0.15/turn              (no ring)
MPRegen  0.12/turn              (no ring)

@: very slow
A: large, see invisible, deformed body, poison resistance, slowness 2, slow
metabolism 1, spit poison 1, AC +1
a: Spit Poison


You were on level 2 of the Abyss.
You were not hungry.

You visited 1 branch of the dungeon, and saw 4 of its levels.
You visited the Abyss 1 time.

You collected 200 gold pieces.

Inventory:

Hand Weapons
 q - a +1 hand axe (weapon)
Armour
 a - a +1 robe (worn)
Scrolls
 b - 3 scrolls of remove curse
 d - 2 scrolls of identify
 f - 3 scrolls of magic mapping
Potions
 i - a potion of lignification
 k - a potion of ambrosia
 m - a potion of curing
Comestibles
 c - 6 rations


   Skills:
 + Level 1.7 Fighting
 - Level 1.5 Dodging
 + Level 4.6 Stealth
 * Level 3.3 Spellcasting
 + Level 2.1 Conjurations
 + Level 5.1 Poison Magic


You had 9 spell levels left.
You knew the following spells:

 Your Spells              Type           Power        Failure   Level  Hunger
a - Sting                 Conj/Pois      ##..         4%          1    None

Your spell library contained the following spells:

 Spells                   Type           Power        Failure   Level  Hunger
 Poisonous Vapours        Pois/Air       ##....       10%         2    ##.....
 Mephitic Cloud           Conj/Pois/Air  ##......     21%         3    ###....
 Olgreb's Toxic Radiance  Pois           ###.....     22%         4    ####...
 Venom Bolt               Conj/Pois      ##........   75%         5    ######.


Dungeon Overview and Level Annotations

Branches:
Dungeon (4/15)             Temple (0/1) D:4

Altars:

Annotations:
D:4 exclusions: orc priest and orc wizard, Crazy Yiuf


Innate Abilities, Weirdness & Mutations

You cannot wear boots.
Your serpentine skin is tough. (AC +1)
You have supernaturally acute eyesight. (SInv)
Armour fits poorly on your strangely shaped body.
Your system is resistant to poisons. (rPois)
You cover ground very slowly.
You have a slow metabolism.
You can spit poison.


Message History

You feel sick.
You feel sick.
You feel sick.
Found 11 stones.
You feel sick.
You feel sick.
You feel sick.
You feel sick.
You feel sick.
You feel sick.
You are no longer poisoned.
A sun demon comes into view.
There is an open translucent door here.
Found a glaive.
The sun demon shouts!
You hit the sun demon but do no damage. The sun demon hits you!!
Ouch! That really hurt!
* * * LOW HITPOINT WARNING * * *
You are engulfed in flames!
You die...

.#. #..#. #
.# ## .## .
. . ##..# .
. # #.###
##'#.#
#...# #...#
##...#
#3@.##
#...#...#
##.........
#..#......
#######).#
.## #


You could see a sun demon.

Vanquished Creatures
  A hound (D:2)
  Jessica (D:3)
  A hound skeleton (D:4)
  5 adders
  3 oozes (D:3)
  A worm (D:3)
  A dart slug (D:1)
  5 orcs (D:4)
  A giant cockroach (D:1)
  6 goblins
  6 hobgoblins
  A jackal (D:3)
  8 kobolds
  A quokka (D:2)
  2 ball pythons (D:2)
  5 bats
  4 frilled lizards
  7 rats
59 creatures vanquished.

Notes
Turn   | Place    | Note
-------+----------+-------------------------------------------
     0 | D:1      | Eurus the Naga Venom Mage began the quest for the Orb.
     0 | D:1      | Reached XP level 1. HP: 15/15 MP: 3/3
   499 | D:1      | Reached XP level 2. HP: 20/24 MP: 3/5
  1375 | D:2      | Reached skill level 1 in Fighting
  1375 | D:2      | Reached XP level 3. HP: 20/31 MP: 3/6
  1491 | D:2      | Reached XP level 4. HP: 32/38 MP: 4/8
  2227 | D:3      | Reached XP level 5. HP: 31/44 MP: 6/9
  2349 | D:3      | Noticed Jessica
  2539 | D:3      | You fall into a shaft and drop 1 floor!
  3018 | D:3      | Reached skill level 5 in Poison Magic
  3283 | D:3      | Killed Jessica
  3650 | D:4      | Found a runed translucent door.
  3651 | D:4      | Noticed Crazy Yiuf
  3657 | D:4      | Cast into level 2 of the Abyss (Crazy Yiuf)
  3666 | Abyss:2  | Noticed an ice beast
  3683 | Abyss:2  | Noticed a sun demon
  3689 | Abyss:2  | HP: 1/45 [sun demon (26)]
  3689 | Abyss:2  | Mangled by a sun demon

Levels and vault maps discovered:
D:1:      lightli_arrival_maybe_door_vault, layout_loops_ring
D:2:      layout_loops_ring, first_ration
D:3:      layout_loops_corners, uniq_jessica
D:4:      cheibrodos_greedy_goblins, layout_loops_ring,
          minmay_temple_entry_proselytizer, guppyfry_early_orc_mine,
          uniq_crazy_yiuf_cottage
Abyss:2

Skill      XL: |  1  2  3  4  5 |
---------------+----------------+-----
Fighting       | 1 |  1.7
Stealth        | 4 |  4.6
Spellcasting   | 3 |  3.3
Poison Magic   | 5 |  5.1
Conjurations   | 2 |  2.1
Dodging        | |  1.5

Action                   |  1- 3 |  4- 6 || total
-------------------------+-------+-------++-------
Melee: Unarmed           |     6 |       ||     6
       Dagger            |    21 |    76 ||    97
       Hand axe          |       |    14 ||    14
 Cast: Sting             |    33 |    45 ||    78
 Abil: Spit Poison       |     2 |     3 ||     5
  Use: Scroll            |       |    11 ||    11
 Stab: Sleeping          |       |     2 ||     2
  Eat: Chunk             |     1 |     3 ||     4
       Ration            |       |     1 ||     1
Armor: Robe              |     8 |    24 ||    32
Dodge: Dodged            |    14 |    46 ||    60

Table legend:
 A = Non-vault XP
 B = Vault XP
 C = Vault XP percentage of total XP
 D = Non-vault monster count
 E = Vault monster count
 F = Vault count percentage of total count
                 A         B        C        D         E       F
            +---------+---------+-------+---------+---------+-------
      Total |     231 |      40 |  14.8 |      57 |       2 |   3.4
            +---------+---------+-------+---------+---------+-------
        D:1 |      24 |       0 |   0.0 |      14 |       0 |   0.0
        D:2 |      95 |       0 |   0.0 |      14 |       0 |   0.0
        D:3 |      82 |      37 |  31.1 |      24 |       1 |   4.0
        D:4 |      30 |       3 |   9.1 |       5 |       1 |  16.7
            +---------+---------+-------+---------+---------+-------
